 Dungeon Crawl Stone Soup version 0.28.0-43-g3370ac3207 (webtiles) character file.

Game seed: 6553384633434811387

23887 joshe the Bludgeoner (level 13, -8/82 HPs)
             Began as a Gargoyle Fighter on Mar 1, 2022.
             Was an Elder of Makhleb.
             Mangled by a soul eater (12 damage)
             ... summoned by an orc high priest
             ... on level 2 of the Orcish Mines.
             The game lasted 01:09:06 (18142 turns).

joshe the Bludgeoner (Gargoyle Fighter)            Turns: 18142, Time: 01:09:06

Health: -8/82      AC: 40    Str: 23    XL:     13   Next: 9%
Magic:  22/22      EV:  2    Int: 13    God:    Makhleb [****..]
Gold:   932        SH: 10    Dex: 15    Spells: 12/12 levels left

rFire   . . .      SeeInvis .   z - +6 morningstar (flame)
rCold   + . .      Faith    .   d - +0 kite shield
rNeg    + . .      Spirit   .   f - +2 crystal plate armour
rPois   ∞          Reflect  .   e - +0 helmet
rElec   +          Harm     .   G - +0 cloak
rCorr   .          Rampage  .   I - +0 pair of gloves
Will    .....                   j - +0 pair of boots of Ilosmera {rC+ Int+2}
Stlth   ..........              (no amulet)
HPRegen 0.23/turn               E - +6 ring of dexterity
MPRegen 0.18/turn               F - +4 ring of protection

@: marked, studying Invocations
A: sickness immunity, AC +9, negative energy resistance 1, electricity
resistance, torment resistance 1, petrification resistance
a: Renounce Religion, Minor Destruction, Lesser Servant of Makhleb, Major
Destruction


You were on level 2 of the Orcish Mines.
You worshipped Makhleb.
Makhleb was greatly pleased with you.
You visited 3 branches of the dungeon, and saw 15 of its levels.

You collected 988 gold pieces.
You spent 56 gold pieces at shops.

Inventory:

Hand Weapons
 a - a +0 flail of freezing
 g - a +2 hunting sling of freezing
 h - a +2 rapier of venom
 z - a +6 morningstar of flaming (weapon)
Missiles
 i - 20 poisoned darts (quivered)
 k - 37 sling bullets
 D - 6 javelins
Armour
 d - a +0 kite shield (worn)
 e - a +0 helmet (worn)
 f - a +2 crystal plate armour (worn)
 j - the +0 pair of boots of Ilosmera (worn) {rC+ Int+2}
   (You found it on level 2 of the Dungeon)

   Int:       It affects your intelligence (+2).
   rC:        It protects you from cold.
 G - a +0 cloak (worn)
 I - a +0 pair of gloves (worn)
Magical Staves
 H - a staff of earth
Jewellery
 E - a +6 ring of dexterity (left hand)
 F - a +4 ring of protection (right hand)
Wands
 n - a wand of acid (9)
Scrolls
 b - 2 scrolls of magic mapping
 m - 3 scrolls of amnesia
 t - a scroll of teleportation
 B - a scroll of brand weapon
Potions
 l - 2 potions of brilliance
 o - 2 potions of curing
 p - a potion of flight
 q - a potion of mutation {unknown}
 r - 2 potions of lignification
 s - a potion of invisibility {unknown}
 w - a potion of degeneration {unknown}
 x - a potion of might
 C - 2 potions of cancellation
 J - 2 potions of ambrosia {unknown}


   Skills:
 + Level 9.8 Fighting
 - Level 16.0 Maces & Flails
 - Level 4.0 Throwing
 - Level 8.0 Armour
 - Level 6.0 Shields
 - Level 12.0 Invocations


You had 12 spell levels left.
You didn't know any spells.
Your spell library contained the following spells:

 Spells                   Type           Power      Damage    Failure   Level
 Beastly Appendage        Tmut           0%         N/A       100%        1
 Slow                     Hex            0%         N/A       100%        1
 Corpse Rot               Necr/Air       0%         N/A       100%        2
 Static Discharge         Conj/Air       0%         N/A       100%        2
 Wereblood                Tmut           0%         N/A       100%        2
 Confusing Touch          Hex            0%         N/A       100%        3
 Dazzling Flash           Conj/Hex       0%         N/A       100%        3
 Lesser Beckoning         Tloc           0%         N/A       100%        3
 Portal Projectile        Hex/Tloc       0%         N/A       100%        3
 Spider Form              Tmut/Pois      0%         N/A       100%        3
 Vampiric Draining        Necr           0%         2d6       100%        3
 Dispel Undead            Necr           0%         3d6       100%        4
 Iskenderun's Mystic Bla  Conj/Tloc      0%         2d3       100%        4
 Sticky Flame             Conj/Fire      0%         2d3       100%        4
 Manifold Assault         Tloc           0%         N/A       100%        5
 Death Channel            Necr           0%         N/A       100%        6
 Starburst                Conj/Fire      0%         6d3       100%        6
 Enfeeble                 Hex            0%         N/A       100%        7


Dungeon Overview and Level Annotations

Branches:
Dungeon (12/15)            Temple (1/1) D:4            Lair (0/6) D:8
    Orc (2/2) D:12            Elf (0/3) Orc:2

Altars:
Ashenzari
Cheibriados
Dithmenos
Elyvilon
Fedhas
Gozag
Hepliaklqana
Kikubaaqudgha
Makhleb
Nemelex Xobeh
Okawaru
Qazlal
Ru
Sif Muna
Trog
Uskayaw
Vehumet
Wu Jian
Xom
Yredelemnul
Zin
The Shining One
Beogh

Shops:
D:6 *   D:10 (   D:11 =

Annotations:
D:5 1 runed translucent door, Crazy Yiuf
D:10 3 runed translucent doors, suduhmizer's ghost, journeyman GrEE
Orc:2 Saint Roka


Innate Abilities, Weirdness & Mutations

You are immune to sickness and miasma.
Your stone body is resilient. (AC +9)
You are immune to poison.
You resist negative energy. (rN+)
You are resistant to electric shocks. (rElec)
You are resistant to unholy torment.
You are immune to petrification.


Message History

The orc knight roars a battlecry!
The orcs go into a battle-frenzy!
The orc wizard gestures at you while chanting.
The puff of flame hits you!
The orc high priest hits you with a +0 long sword.
* * * LOW HITPOINT WARNING * * *
Aiming: Major Destruction (1% risk of failure)
Press: ? - help, Shift-Dir - straight line, f - orc high priest
Aim: an orc high priest, wielding a +0 long sword (lightly wounded, strong)
You hear a mighty clap of thunder!
The bolt of lightning hits the orc high priest!
The orc high priest is moderately wounded.
The orc warrior hits you but does no damage.
The orc hits you but does no damage.
The orc wizard points at you and mumbles some strange words.
The magic dart hits you but does no damage.
The orc high priest prays to Beogh.
The orc knight hits you but does no damage.
A demon appears!
You block the orc warrior's attack. The orc hits you but does no damage.
The orc wizard hits you but does no damage.
The orc high priest hits you but does no damage.
The orc knight hits you but does no damage.
A demon appears!
You block the orc warrior's attack.
An orc sorcerer comes into view. It is wielding a +0 dagger.
The orc hits you but does no damage.
The orc wizard hits you but does no damage.
The orc knight roars a battlecry!
The orcs go into a battle-frenzy!
The orc high priest barely misses you.
The orc knight hits you from afar with a +0 halberd!
* * * LOW HITPOINT WARNING * * *
The orc priest looks satisfied for a moment.
The sun demon hits your smoke demon.
Your smoke demon is engulfed in flames.
Your smoke demon resists.
Your smoke demon completely misses the sun demon.
Your smoke demon misses the sun demon.
Your smoke demon closely misses the sun demon.
The soul eater hits you!
You die...

# ## .#
##### ##
....÷# #
......###
....÷.3o#
÷...÷3o@#
..°..3ooo#
.÷..÷3ooo.#
÷...÷.#o÷.#
#
..÷.÷.##...
#### ###..#
o..# ...##
### ...#
....## ..##
#....#
#........


You could see 2 orc knights, a soul eater (summoned), an orc high priest
(strong), a sun demon (summoned, ally target), 2 orc sorcerers, an orc warrior
(strong), an orc priest (strong), 2 orc wizards, an orc (strong), a friendly
smoke demon (summoned) and a friendly neqoxec (summoned).

Vanquished Creatures
  An orc warlord (D:12)
  A hydra (D:12)
  2 boulder beetles (D:12)
  An ogre mage (Orc:1)
  6 two-headed ogres
  An orc high priest (Orc:2)
  2 orc knights
  Pikel (D:9)
  An ugly thing (D:12)
  A manticore (D:11)
  2 cyclopes
  A gargoyle (D:12)
  5 trolls
  Prince Ribbit (D:6)
  A shadow (D:11)
  20 yaks
  2 wraiths
  A steam dragon (D:7)
  5 vampire mosquitoes
  7 wargs
  2 acid dragons
  4 water moccasins
  Duvessa (D:4)
  An ice beast (D:7)
  16 orc warriors
  4 sky beasts
  A black bear (D:6)
  6 ogres
  A necrophage (D:7)
  A centaur (D:10)
  A phantom (D:5)
  A kobold brigand (D:5)
  A bullfrog (D:6)
  Blork the orc (D:5)
  A gnoll sergeant (D:10)
  A wyvern zombie (D:7)
  A scorpion (D:7)
  A wyvern skeleton (D:7)
  2 water moccasin skeletons (D:5)
  Dowan (D:4)
  9 killer bees
  10 wights
  7 howler monkeys
  2 hounds
  2 centaur zombies
  A gnoll shaman (D:4)
  3 jellies
  21 orc priests
  A bullfrog zombie (D:6)
  3 iguanas
  17 orc wizards
  3 killer bee zombies
  A howler monkey zombie (D:5)
  12 gnolls
  8 adders
  A white imp (D:6)
  An adder skeleton (D:4)
  An adder zombie (D:3)
  6 worms
  4 dart slugs
  52 orcs
  3 ball pythons
  7 endoplasms
  6 giant cockroaches
  5 hobgoblins
  8 jackals
  2 quokkas (D:1)
  8 bats
  3 frilled lizards
  8 goblins
  11 kobolds
  9 rats
345 creatures vanquished.

Vanquished Creatures (collateral kills)
  An orc priest (Orc:2)
  An orc (Orc:2)
2 creatures vanquished.

Vanquished Creatures (others)
  A plant (D:4)
1 creature vanquished.

Grand Total: 348 creatures vanquished

Notes
Turn   | Place    | Note
-------+----------+-------------------------------------------
     0 | D:1      | joshe the Gargoyle Fighter began the quest for the Orb.
     0 | D:1      | Reached XP level 1. HP: 14/14 MP: 1/1
    63 | D:1      | Reached XP level 2. HP: 17/19 MP: 2/2
   432 | D:1      | Found a faded altar of an unknown god.
   617 | D:1      | Reached skill level 3 in Maces & Flails
   692 | D:1      | Reached XP level 3. HP: 14/23 MP: 3/3
  1756 | D:2      | Reached skill level 4 in Maces & Flails
  1942 | D:2      | Reached XP level 4. HP: 27/28 MP: 4/4
  1956 | D:2      | Identified the +0 pair of boots of Ilosmera {rC+ Int+2}
  3386 | D:3      | Reached skill level 5 in Maces & Flails
  3404 | D:3      | Reached XP level 5. HP: 24/32 MP: 5/5
  4465 | D:4      | Reached XP level 6. HP: 22/38 MP: 6/6
  4892 | D:4      | Found a staircase to the Ecumenical Temple.
  4904 | Temple   | Entered the Ecumenical Temple
  5092 | Temple   | Became a worshipper of Makhleb the Destroyer
  5441 | D:4      | Found a glowing silver altar of Zin.
  5441 | D:4      | Noticed Dowan
  5449 | D:4      | Noticed Duvessa
  5464 | D:4      | Killed Duvessa
  5465 | D:4      | Reached skill level 6 in Maces & Flails
  5470 | D:4      | Killed Dowan
  5720 | D:5      | Entered Level 5 of the Dungeon
  5737 | D:4      | Reached XP level 7. HP: 16/43 MP: 8/8
  6102 | D:5      | Reached skill level 7 in Maces & Flails
  6197 | D:5      | Reached skill level 8 in Maces & Flails
  6521 | D:5      | Reached XP level 8. HP: 48/48 MP: 9/9
  6521 | D:5      | Noticed Blork the orc
  6548 | D:5      | Killed Blork the orc
  6783 | D:5      | Reached skill level 9 in Maces & Flails
  6966 | D:5      | Found a runed translucent door.
  6967 | D:5      | Noticed Crazy Yiuf
  7194 | D:6      | Noticed Prince Ribbit
  7223 | D:6      | Killed Prince Ribbit
  7224 | D:6      | Reached skill level 10 in Maces & Flails
  7521 | D:6      | Reached * piety under Makhleb
  7529 | D:6      | Reached XP level 9. HP: 52/52 MP: 10/10
  7567 | D:6      | Reached skill level 11 in Maces & Flails
  7887 | D:6      | Got the Collected Works on the Voyage and Hexes
  8040 | D:6      | Found Awywn's General Store.
  8053 | D:6      | Bought a scroll of identify for 28 gold pieces
  8053 | D:6      | Bought a scroll of identify for 28 gold pieces
  8364 | D:6      | Found an ornate altar of the Wu Jian Council.
  8745 | D:7      | Reached skill level 12 in Maces & Flails
  9192 | D:7      | Reached skill level 5 in Armour
  9514 | D:7      | Reached skill level 5 in Shields
  9630 | D:7      | Reached skill level 5 in Fighting
  9771 | D:7      | Reached XP level 10. HP: 56/59 MP: 11/11
  9790 | D:7      | Reached ** piety under Makhleb
  9933 | D:8      | Found a staircase to the Lair.
 10451 | D:8      | Reached skill level 13 in Maces & Flails
 10812 | D:8      | Reached skill level 5 in Invocations
 11060 | D:8      | Found a shimmering blue altar of Sif Muna.
 11305 | D:8      | Noticed a moth of wrath
 11451 | D:8      | Found a bloodstained altar of Trog.
 11691 | D:9      | Noticed Pikel
 11696 | D:9      | Killed Pikel
 12267 | D:10     | Entered Level 10 of the Dungeon
 12780 | D:10     | Reached skill level 14 in Maces & Flails
 12807 | D:10     | Reached XP level 11. HP: 63/63 MP: 14/14
 12866 | D:10     | Found Rifrephy's Weapon Emporium.
 12907 | D:10     | Noticed a two-headed ogre
 12943 | D:10     | Killed a two-headed ogre
 12944 | D:10     | Reached skill level 15 in Maces & Flails
 12977 | D:10     | Found a runed translucent gate.
 12978 | D:10     | Found a runed translucent gate.
 12982 | D:10     | Noticed suduhmizer's ghost (journeyman GrEE)
 13105 | D:10     | Found a runed translucent gate.
 13291 | D:10     | Reached *** piety under Makhleb
 14020 | D:11     | Noticed a manticore
 14030 | D:11     | Killed a manticore
 14031 | D:11     | Reached skill level 16 in Maces & Flails
 14299 | D:11     | Noticed a cyclops
 14309 | D:11     | Killed a cyclops
 14459 | D:11     | Noticed a two-headed ogre
 14473 | D:11     | Killed a two-headed ogre
 14595 | D:11     | Found Dumynam's Jewellery Shop.
 14834 | D:12     | Noticed a cyclops
 14847 | D:12     | Killed a cyclops
 14908 | D:12     | Noticed a two-headed ogre
 14918 | D:12     | Killed a two-headed ogre
 14919 | D:12     | Reached XP level 12. HP: 63/70 MP: 18/18
 14976 | D:12     | Noticed a boulder beetle
 14980 | D:12     | Found a staircase to the Orcish Mines.
 14997 | D:12     | Killed a boulder beetle
 14998 | D:12     | Reached skill level 10 in Invocations
 15244 | D:12     | Noticed a boulder beetle
 15264 | D:12     | Killed a boulder beetle
 15296 | D:12     | Noticed a five-headed hydra
 15317 | D:12     | Killed a five-headed hydra
 15346 | D:12     | Reached skill level 1 in Throwing
 15678 | Orc:1    | Entered Level 1 of the Orcish Mines
 15810 | Orc:1    | Found a radiant altar of Vehumet.
 16128 | Orc:1    | Reached **** piety under Makhleb
 16130 | Orc:1    | Noticed an orc warlord
 16458 | D:12     | Killed an orc warlord
 16681 | Orc:2    | Entered Level 2 of the Orcish Mines
 16771 | Orc:2    | Noticed an ogre mage
 16791 | Orc:1    | Killed an ogre mage
 16798 | Orc:2    | Noticed a two-headed ogre
 16798 | Orc:2    | Noticed a two-headed ogre
 16895 | Orc:2    | Noticed a two-headed ogre
 16935 | Orc:2    | Killed a two-headed ogre
 17340 | D:12     | Killed a two-headed ogre
 17348 | Orc:1    | Killed a two-headed ogre
 17781 | Orc:2    | Reached XP level 13. HP: 75/80 MP: 22/22
 17955 | Orc:2    | Found a staircase to the Elven Halls.
 18130 | Orc:2    | Noticed Saint Roka
 18142 | Orc:2    | HP: 4/82 [orc knight/+0 halberd (7)]
 18142 | Orc:2    | Mangled by a soul eater

Illustrated notes

Levels and vault maps discovered:
D:1:      elethiomel_arrival_fortress_basement, layout_loops_cross,
          basic_ecumenical_altar, chequers_serial_rivers_room_a,
          minmay_hexomino_f4
D:2:      layout_loops_corners
D:3:      layout_rooms, minmay_misc_feat_encased, hex_large
D:4:      layout_loops_ring, lemuel_round_altar, minmay_temple_entry_overgrown,
          uniq_duvessa
D:5:      layout_rooms, uniq_crazy_yiuf_cottage, uniq_blork_the_orc
D:6:      layout_loops_cross, nicolae_wu_jian_glorious_leap, serial_shops,
          nicolae_shop_advertising_works [nicolae_subvault_shop_adworks],
          uniq_prince_ribbit1
D:7:      nicolae_cairo_tiling, layout_basic, interstate_on_off,
          minmay_misc_feat_room, minmay_manual_mullet
D:8:      layout_cave_pools, tgw_trog, mainiacjoe_overflow_brackets,
          erik_lair_orcish_takeover, chequers_serial_rivers_room_b
D:9:      layout_irregular_city, uniq_pikel
D:10:     layout_basic, serial_shops, nicolae_diamond_shop,
          biasface_ghost_orc_armoury
D:11:     layout_basic, serial_shops, nicolae_shop_statue_plus
D:12:     layout_basic, orc_0_dummy
Temple:   dpeg_five_rooms_temple
Orc:1:    layout_caves, basic_altar, uniq_josephine
Orc:2:    grunt_orc_tribal_feast, layout_diamond_mine, serial_shops,
          nicolae_shop_trees, uniq_saint_roka

Skill      XL: |  1  2  3  4  5  6  7  8  9 10 11 12 13 |
---------------+----------------------------------------+-----
Maces & Flails | 3 4 5 6 8 10 12 14 16 | 16.0
Fighting       | 4 5 6 8 9 |  9.8
Invocations    | 2 5 9 12 | 12.0
Armour         | 5 6 8 |  8.0
Shields        | 5 6 |  6.0
Throwing       | 4 |  4.0

Action                   |  1- 3 |  4- 6 |  7- 9 | 10-12 | 13-15 || total
-------------------------+-------+-------+-------+-------+-------++-------
Melee: Flail             |   115 |   238 |   219 |       |       ||   572
       Morningstar       |       |       |   109 |   538 |    32 ||   679
Throw: Dart              |       |       |       |    48 |       ||    48
       Javelin           |       |       |       |     1 |       ||     1
Invok: Minor Destruction |       |       |       |     3 |       ||     3
       Lesser Servant of |       |       |       |     1 |     3 ||     4
       Major Destruction |       |       |       |     1 |     1 ||     2
  Use: Scroll            |       |     4 |     6 |    18 |     1 ||    29
       Potion            |       |     3 |       |     6 |       ||     9
Armor: Scale mail        |    11 |       |       |       |       ||    11
       Crystal plate arm |   105 |   306 |   235 |   404 |    52 ||  1102
Dodge: Dodged            |    22 |    35 |    34 |    67 |     1 ||   159
Block: Buckler           |    21 |    44 |    48 |    82 |       ||   195
       Kite shield       |       |       |       |    64 |    21 ||    85
